 Dungeon Crawl Stone Soup version 0.29.1-12-g30fa7ad0bf (webtiles) character file.

Game seed: 615621171973498541

3551 Sanktem7 the Fighter (level 9, 0/89 HPs)
             Began as a Minotaur Fighter on Jan 3, 2023.
             Was a Priest of Okawaru.
             Killed from afar by an electric eel (9 damage)
             ... with a bolt of electricity
             ... on level 7 of the Dungeon.
             The game lasted 00:13:39 (8366 turns).

Sanktem7 the Fighter (Minotaur Fighter)             Turns: 8366, Time: 00:13:39

Health: 0/89       AC: 15    Str: 26    XL:     9   Next: 83%
Magic:  8/8        EV:  9    Int:  5    God:    Okawaru [***...]
Gold:   301        SH:  4    Dex:  9    Spells: 8/8 levels left

rFire   . . .      SeeInvis .   K - +3 mace (drain) {mace}
rCold   . . .      Faith    .   c - +0 buckler
rNeg    . . .      Spirit   .   b - +0 scale mail
rPois   +          Reflect  .   (helmet restricted)
rElec   .          Harm     .   x - +2 cloak {rPois}
rCorr   .          Rampage  .   (no gloves)
Will    .....                   (no boots)
Stlth   ..........              w - amulet of magic regeneration {@e2}
HPRegen 0.24/turn               z - +4 ring of protection
MPRegen 0.51/turn               (no ring)

@: very slow
A: horns 2, retaliatory headbutt
a: Renounce Religion, Heroism


You were on level 7 of the Dungeon.
You worshipped Okawaru.
Okawaru was most pleased with you.
You visited 2 branches of the dungeon, and saw 8 of its levels.

You collected 444 gold pieces.
You spent 143 gold pieces at shops.


Innate Abilities, Weirdness & Mutations

You have a pair of horns on your head.
You reflexively headbutt those who attack you in melee.


   Skills:
 * Level 11.4 Fighting
 * Level 11.1 Maces & Flails
 - Level 8.0 Armour
 - Level 3.6 Shields


You had 8 spell levels left.
You didn't know any spells.
Your spell library contained the following spells:

 Spells                   Type           Power      Damage    Failure   Level
 Magic Dart               Conj           0%         1d3       82%         1
 Ensorcelled Hibernation  Hex/Ice        0%         N/A       91%         2
 Passwall                 Tmut/Erth      0%         N/A       91%         2
 Mephitic Cloud           Conj/Pois/Air  0%         N/A       99%         3
 Portal Projectile        Hex/Tloc       0%         N/A       99%         3
 Swiftness                Air            0%         N/A       99%         3
 Corpse Rot               Necr/Pois/Air  0%         N/A       100%        4
 Dispel Undead            Necr           0%         3d6       100%        4
 Leda's Liquefaction      Hex/Erth       0%         N/A       100%        4
 Dispersal                Tloc           0%         N/A       100%        6
 Disjunction              Tloc           0%         N/A       100%        8
 Call Imp                 Summ           Unusable   N/A       N/A         2
 Call Canine Familiar     Summ           Unusable   N/A       N/A         3
 Death Channel            Necr           Unusable   N/A       N/A         6

Inventory:

Hand Weapons
 K - a +3 mace of draining (weapon) {mace}
   (You found it on level 6 of the Dungeon)
Missiles
 e - 70 stones (quivered) {throwing}
 k - 2 boomerangs {throwing}
 B - 2 poisoned darts {throwing}
 E - a throwing net {=f!fthrowing}
 I - a curare-tipped dart {=fthrowing}
Armour
 b - a +0 scale mail (worn)
 c - a +0 buckler (worn)
 x - a +2 cloak of poison resistance (worn)
   (You took it off Crazy Yiuf on level 3 of the Dungeon)
 G - the +5 ring mail "Guitann" {Harm Str+7 Dex-3 Stlth-}
   (You found it on level 5 of the Dungeon)

   Str:       It affects your strength (+7).
   Dex:       It affects your dexterity (-3).
   Harm:      It increases damage dealt and taken.
   Stlth:     It makes you less stealthy.
 L - a +0 pair of boots
   (You found it on level 7 of the Dungeon)
Magical Staves
 y - a staff of death {!astaff}
   (You found it on level 5 of the Dungeon)
Jewellery
 w - an amulet of magic regeneration (around neck) {@e2}
   (You found it on level 4 of the Dungeon)
 z - a +4 ring of protection (left hand)
   (You found it on level 4 of the Dungeon)
Wands
 g - a wand of roots (22)
   (You found it on level 5 of the Dungeon)
 h - a wand of mindburst (9)
   (You found it on level 6 of the Dungeon)
 u - a wand of flame (10)
   (You took it off Ijyb on level 3 of the Dungeon)
 J - a wand of paralysis (3)
   (You found it on level 7 of the Dungeon)
Scrolls
 a - 3 scrolls of identify {@r1}
 f - 2 scrolls of immolation {!r!r}
 j - 3 scrolls of teleportation {@r4}
 m - 2 scrolls of magic mapping {!r}
 p - 3 scrolls of amnesia
 s - 2 scrolls of noise {unknown}
 v - 3 scrolls of vulnerability {!r!r}
 C - 2 scrolls of silence {!r}
Potions
 d - 4 potions of might
 i - a potion of invisibility {unknown}
 l - 3 potions of attraction {!q}
 n - 2 potions of curing {@q1}
 o - a potion of heal wounds {@q2}
 q - 2 potions of lignification {!q}
 r - 2 potions of magic
 t - 3 potions of flight
 A - a potion of haste {unknown}
 D - 2 potions of mutation {unknown}
 F - a potion of resistance {unknown}
 H - a potion of degeneration {unknown}

Dungeon Overview and Level Annotations

Branches:
Dungeon (7/15) Zot: 26278  Temple (1/1) D:5 Zot: 5971

Altars:
Ashenzari
Cheibriados
Dithmenos
Elyvilon
Fedhas
Gozag
Hepliaklqana
Kikubaaqudgha
Makhleb
Nemelex Xobeh
Okawaru
Qazlal
Ru
Sif Muna
Uskayaw
Wu Jian
Xom
Zin
The Shining One

Shops:
D:6 ***?[

Annotations:
Temple 2 transporters

~~≈≈≈≈≈≈≈~~~♣......#...#..#
~≈≈≈≈≈≈≈≈≈~~♣.#......... ..
~~≈≈≈≈≈≈~~P♣♣.#........#...
P~P≈≈≈≈≈~S~~~.........##...
~~~≈≈≈≈≈~~~♣.#.............
~~~~~≈≈~~~~~......#........
~~♣~~~~~~♣~......#........
♣~PP~~~~♣~#..##.#........
~~~~~~~~~♣@...###.#....##..
~♣~~~~~~~♣P.#####.#.####...
♣P~~~~♣♣~~## ##..........#
#~~♣~~P ♣### #...........#
###P♣~♣ ###.....##... ##♣♣
#.....###... ##.....####.
#...### ##. ##### ##..


You could see an electric eel.


Message History

An electric eel is nearby!
The electric eel shoots out a bolt of lightning at you!
The bolt of electricity hits you!
An electric eel comes into view. 😕 HP[-10]
You take 10 damage, and now have 79/89 hp.
You enter the shallow water.
Moving in this stuff is going to be slow.
The electric eel shoots out a bolt of lightning at you!
The bolt of electricity misses you.
The electric eel shoots out a bolt of lightning at you!
The bolt of electricity hits you.
The electric eel shoots out a bolt of lightning at you!
The bolt of electricity hits you!
The electric eel shoots out a bolt of lightning at you!
The bolt of electricity hits you.
You are too injured to fight recklessly!
You are too injured to fight recklessly!
You are too injured to fight recklessly!
You are too injured to fight recklessly!
You are too injured to fight recklessly!
You are too injured to fight recklessly!
You are too injured to fight recklessly!
You are too injured to fight recklessly! 😮 HP[-14]
You take 14 damage, and now have 65/89 hp.
You are too injured to fight recklessly!
You are too injured to fight recklessly!
You are too injured to fight recklessly!
You are too injured to fight recklessly!
You are too injured to fight recklessly!
You are too injured to fight recklessly!
You are too injured to fight recklessly!
You are too injured to fight recklessly!
You are too injured to fight recklessly!
You are too injured to fight recklessly!
Unknown command.
You barely miss the electric eel. You headbutt the electric eel.
The electric eel shoots out a bolt of lightning at you!
The bolt of electricity hits you! 😮 HP[-8]
You take 8 damage, and now have 57/89 hp.
You thump the electric eel!
You kill the electric eel!
Okawaru accepts your kill.
The electric eel shoots out a bolt of lightning at you!
The bolt of electricity hits you! 😮 HP[-6]
You take 6 damage, and now have 51/89 hp.
An electric eel comes into view.
Your unstable footing causes you to fumble your attack.
The electric eel shoots out a bolt of lightning at you!
The bolt of electricity hits you but does no damage.
The bolt of electricity hits the plant!
The plant begins to die.
The bolt of electricity hits the plant.
The plant begins to die. 😮 HP[+1]
Your unstable footing causes you to fumble your attack.
The electric eel shoots out a bolt of lightning at you!
The bolt of electricity hits the electric eel.
The electric eel completely resists.
The bolt of electricity misses you.
The electric eel shoots out a bolt of lightning at you!
The bolt of electricity misses you.
The bolt of electricity hits the plant! x2
You hit the electric eel. You drain the electric eel.
The electric eel shoots out a bolt of lightning at you!
The bolt of electricity hits the electric eel.
The electric eel completely resists.
The bolt of electricity misses you.
The electric eel shoots out a bolt of lightning at you!
The bolt of electricity hits you but does no damage.
The bolt of electricity hits the plant! x2
You miss the electric eel. You closely miss the electric eel.
Your headbutt misses the electric eel.
Your unstable footing causes you to fumble your attack.
A nearby plant withers and dies.
The electric eel shoots out a bolt of lightning at you!
The bolt of electricity hits the electric eel.
The electric eel completely resists.
The bolt of electricity hits you!
* * * LOW HITPOINT WARNING * * *
😨 HP[-8]
You take 8 damage, and now have 44/89 hp.
You sock the electric eel!
You kill the electric eel!
Okawaru accepts your kill.
A nearby plant withers and dies.
The electric eel shoots out a bolt of lightning at you!
The bolt of electricity hits you!
* * * LOW HITPOINT WARNING * * *
The electric eel shoots out a bolt of lightning at you!
The bolt of electricity hits you!
* * * LOW HITPOINT WARNING * * *
😱 HP[-23]
You take 23 damage, and now have 21/89 hp.
MASSIVE DAMAGE!! (PAUSE)
The electric eel shoots out a bolt of lightning at you!
The bolt of electricity hits you!
* * * LOW HITPOINT WARNING * * *
😱 HP[-12]
You take 12 damage, and now have 9/89 hp.
The electric eel shoots out a bolt of lightning at you!
The bolt of electricity hits you!
You die...

Skill      XL: |  1  2  3  4  5  6  7  8  9 |
---------------+----------------------------+-----
Fighting       | 4 5 6 8 9 11 | 11.4
Maces & Flails | 3 4 5 6 7 9 11 | 11.1
Armour         | 4 5 6 7 8 |  8.0
Shields        | |  3.6

Action                   |  1- 3 |  4- 6 |  7- 9 || total
-------------------------+-------+-------+-------++-------
Melee: Flail             |    95 |   139 |   146 ||   380
       Headbutt          |    10 |    17 |    49 ||    76
       Mace              |       |       |    95 ||    95
Throw: Stone             |     2 |       |       ||     2
  Use: Scroll            |       |       |    13 ||    13
Armor: Scale mail        |    51 |    94 |   143 ||   288
Dodge: Dodged            |    55 |    78 |   117 ||   250
Block: Buckler           |    26 |    40 |    54 ||   120

Levels and vault maps discovered:
D:1:      dpeg_arrival_triangle_fractal, layout_basic, serial_co_window_serial,
          co_window_of_opportunity_a, co_window_corner_a, co_window_paths_a,
          co_window_of_opportunity_a, co_window_paths_b, co_window_corner_a,
          co_window_cross_1, co_window_paths_c, co_window_of_opportunity_b,
          co_window_broadway_a, co_window_broadway_c, co_window_paths_e,
          glass_columns_b, glass_columns_a, glass_columns_b
D:2:      layout_loops_ring, minmay_puff
D:3:      layout_basic, doesnt_xom_only_xom, uniq_ijyb, uniq_crazy_yiuf_cottage
D:4:      layout_cave_pods, zin_scriptorium, minmay_misc_feat_diagonals,
          minmay_misc_feat_encased, goddamned_bats
D:5:      cheibrodos_barr_body, layout_basic, nicolae_overflow_hidden_temple,
          minmay_temple_entry_large_hall, uniq_menkaure
D:6:      layout_basic, mainiacjoe_overflow_alcove_1, serial_shops,
          nicolae_take_the_stairs, nicolae_diamond_shop, shop_statue,
          nicolae_shop_crystal, nicolae_lakefront_shop, lemuel_flamethrower_1
D:7:      layout_cave_pools, lemuel_tele_altar, serial_bayou_lake_a,
          uniq_prince_ribbit1, uniq_joseph
Temple:   hellmonk_temple_divided_pantheon

Notes
Turn   | Place    | Note
-------+----------+-------------------------------------------
     0 | D:1      | Sanktem7 the Minotaur Fighter began the quest for the Orb.
     0 | D:1      | Reached XP level 1. HP: 19/19 MP: 0/0
     0 | D:1      | magus.rc [v1.9.6]
   669 | D:1      | Reached XP level 2. HP: 27/27 MP: 1/1
   692 | D:1      | Reached skill level 4 in Fighting
   899 | D:1      | Reached skill level 3 in Maces & Flails
  1311 | D:1      | Reached skill level 4 in Armour
  1373 | D:1      | Reached XP level 3. HP: 33/33 MP: 2/2
  2454 | D:3      | You pick up a book of Minor Magic and begin reading...
  2454 | D:3      | You add the spells Magic Dart, Call Imp and Mephitic Cloud
                  | to your library.
  2518 | D:3      | Found a runed translucent door.
  2519 | D:3      | Noticed Crazy Yiuf
  2576 | D:3      | You pick up a book of the Hunter and begin reading...
  2576 | D:3      | You add the spells Call Canine Familiar, Portal Projectile
                  | and Leda's Liquefaction to your library.
  2604 | D:3      | Reached XP level 4. HP: 41/41 MP: 3/3
  2621 | D:3      | Noticed Ijyb
  2633 | D:3      | Killed Ijyb
  2634 | D:3      | Reached skill level 4 in Maces & Flails
  2689 | D:3      | Reached skill level 5 in Fighting
  2757 | D:3      | Found a bloodstained altar of Trog.
  2760 | D:3      | Found a white marble altar of Elyvilon.
  2760 | D:3      | Found a shimmering altar of Xom.
  2765 | D:3      | Found a hide-covered altar of Uskayaw.
  2765 | D:3      | Found a shadowy altar of Dithmenos.
  2765 | D:3      | Found an iron altar of Okawaru.
  2804 | D:3      | Reached XP level 5. HP: 34/48 MP: 4/4
  3342 | D:3      | HP: 10/48 [Crazy Yiuf/+2 quarterstaff of chaos (4)]
  3346 | D:3      | Killed Crazy Yiuf
  3665 | D:4      | Found a glowing silver altar of Zin.
  3725 | D:4      | HP: 11/48 [orc priest/+0 club (4)]
  3989 | D:4      | Reached skill level 5 in Maces & Flails
  3992 | D:4      | Noticed a phantom
  4009 | D:4      | Killed a phantom
  4010 | D:4      | Reached skill level 6 in Fighting
  4010 | D:4      | Reached skill level 5 in Armour
  4010 | D:4      | Reached XP level 6. HP: 31/57 MP: 5/5
  4480 | D:4      | You pick up a book of Burglary and begin reading...
  4480 | D:4      | You add the spells Passwall, Ensorcelled Hibernation and
                  | Swiftness to your library.
  4673 | D:4      | Reached skill level 6 in Maces & Flails
  4673 | D:4      | Reached XP level 7. HP: 64/64 MP: 6/6
  5048 | D:5      | Entered Level 5 of the Dungeon
  5117 | D:5      | Noticed Menkaure
  5132 | D:5      | Reached skill level 7 in Fighting
  5142 | D:5      | Killed Menkaure
  5156 | D:5      | Reached skill level 7 in Maces & Flails
  5157 | D:5      | HP: 16/66 [iguana (5)]
  5187 | D:5      | Reached skill level 6 in Armour
  5406 | D:5      | Found a staircase to the Ecumenical Temple.
  5444 | Temple   | Entered the Ecumenical Temple
  5444 | Temple   | Found a transporter.
  5444 | Temple   | Found a transporter.
  5446 | Temple   | Found a transporter.
  5446 | Temple   | Found a transporter.
  5457 | Temple   | Became a worshipper of Warmaster Okawaru
  5560 | D:5      | Noticed a wyvern
  5566 | D:5      | Killed a wyvern
  5567 | D:5      | Reached skill level 8 in Fighting
  5567 | D:5      | Reached XP level 8. HP: 43/74 MP: 7/7
  5717 | D:5      | Noticed a gargoyle
  5742 | D:5      | Killed a gargoyle
  5742 | D:5      | Reached * piety under Okawaru
  5743 | D:5      | Reached skill level 8 in Maces & Flails
  5994 | D:5      | Reached skill level 9 in Fighting
  6036 | D:5      | Found an ornate altar of the Wu Jian Council.
  6123 | D:5      | Found a hazy altar of Hepliaklqana.
  6127 | D:5      | Reached skill level 7 in Armour
  6190 | D:5      | Found an ancient bone altar of Kikubaaqudgha.
  6212 | D:5      | Identified the +5 ring mail "Guitann" {Harm Str+7 Dex-3
                  | Stlth-}
  6736 | D:6      | Reached skill level 9 in Maces & Flails
  6750 | D:6      | Reached ** piety under Okawaru
  6751 | D:6      | Reached XP level 9. HP: 84/85 MP: 8/8
  6762 | D:6      | You pick up a book of the Warp and begin reading...
  6762 | D:6      | You add the spells Dispersal and Disjunction to your
                  | library.
  6770 | D:6      | Found Vuezam's Magic Scroll Shop.
  6783 | D:6      | Bought a scroll of identify for 26 gold pieces
  6783 | D:6      | Bought a scroll of enchant weapon for 97 gold pieces
  6830 | D:6      | Found Delonk's General Store.
  6840 | D:6      | Bought a scroll of identify for 20 gold pieces
  6913 | D:6      | Found Yxuel's Armour Emporium.
  7073 | D:6      | Found Ulemeogg's General Store.
  7170 | D:6      | You pick up a book of Decay and begin reading...
  7170 | D:6      | You add the spells Corpse Rot and Dispel Undead to your
                  | library.
  7250 | D:6      | Found a sacrificial altar of Ru.
  7517 | D:6      | Reached skill level 10 in Fighting
  7528 | D:6      | Found Ucvelussa's General Store.
  7653 | D:7      | Noticed Joseph
  7669 | D:7      | Killed Joseph
  7670 | D:7      | Reached skill level 10 in Maces & Flails
  7680 | D:7      | Noticed Prince Ribbit
  7697 | D:6      | Reached skill level 8 in Armour
  7701 | D:6      | Killed Prince Ribbit
  7701 | D:6      | Reached *** piety under Okawaru
  7702 | D:6      | Reached skill level 11 in Fighting
  8177 | D:7      | Reached skill level 11 in Maces & Flails
  8364 | D:7      | HP: 21/89 [electric eel/bolt of electricity (13)]
  8365 | D:7      | HP: 9/89 [electric eel/bolt of electricity (13)]
  8366 | D:7      | Killed from afar by an electric eel

Vanquished Creatures
  Joseph (D:7)
  A gargoyle (D:5)
  Prince Ribbit (D:6)
  A wyvern (D:5)
  Menkaure (D:5)
  A black bear (D:6)
  An ice beast (D:7)
  A centaur (D:7)
  A phantom (D:4)
  3 bullfrogs (D:7)
  A kobold brigand (D:6)
  4 necrophages
  2 scorpions (D:5)
  5 wights (D:6)
  A vampire bat (D:4)
  2 electric eels (D:7)
  5 hounds (D:5)
  Crazy Yiuf (D:3)
  2 gnoll boudas (D:5)
  5 orc priests
  4 jellies
  Ijyb (D:3)
  5 iguanas
  4 orc wizards
  9 adders
  8 gnolls
  A shadow imp (D:5)
  2 white imps (D:5)
  2 ufetubi (D:4)
  A dart slug (D:2)
  3 fire bats (D:4)
  20 orcs
  2 spectral bats (D:4)
  3 bat skeletons (D:4)
  A bat zombie (D:4)
  10 endoplasms
  A giant cockroach (D:1)
  4 goblins
  4 hobgoblins
  7 jackals (D:1)
  A quokka (D:2)
  6 ball pythons
  15 bats
  A bat simulacrum (D:4)
  2 frilled lizards
  15 kobolds
  7 rats
179 creatures vanquished.

Vanquished Creatures (others)
  2 plants (D:7)
2 creatures vanquished.

Grand Total: 181 creatures vanquished

Table legend:
 A = Non-vault XP
 B = Vault XP
 C = Vault XP percentage of total XP
 D = Non-vault monster count
 E = Vault monster count
 F = Vault count percentage of total count
                 A         B        C        D         E       F
            +---------+---------+-------+---------+---------+-------
      Total |    2927 |    2147 |  42.3 |     140 |      39 |  21.8
            +---------+---------+-------+---------+---------+-------
        D:1 |      43 |       0 |   0.0 |      25 |       0 |   0.0
        D:2 |      21 |       4 |  16.0 |      12 |       2 |  14.3
        D:3 |     107 |      80 |  42.8 |      24 |       2 |   7.7
        D:4 |     307 |     177 |  36.6 |      22 |      20 |  47.6
        D:5 |     620 |    1137 |  64.7 |      21 |      13 |  38.2
        D:6 |     914 |     274 |  23.1 |      18 |       1 |   5.3
        D:7 |     915 |     475 |  34.2 |      18 |       1 |   5.3
            +---------+---------+-------+---------+---------+-------

Illustrated notes

Table legend:
 A = Kills in this place as a percentage of kills in entire the game.
 B = Kills by you in this place as a percentage of kills by you in the entire game.
 C = Kills by friends in this place as a percentage of kills by friends in the entire game.
 D = Other kills in this place as a percentage of other kills in the entire game.
 E = Experience gained in this place as a percentage of experience gained in the entire game.
 F = Experience gained in this place divided by the number of levels of this place that you have seen.
                   A       B       C       D       E      F
               +-------+-------+-------+-------+-------+----------------------
         Total | 100.0 | 100.0 |   N/A |   N/A | 100.0 | 634.2
       Dungeon | 100.0 | 100.0 |   N/A |   N/A | 100.0 | 724.9
               +-------+-------+-------+-------+-------+----------------------

Table legend: (Time is in decaauts)
 A = Elapsed time spent in this place.
 B = Non-inter-level travel time spent in this place.
 C = Inter-level travel time spent in this place.
 D = Time resting spent in this place.
 E = Time spent auto-exploring this place.
 F = Levels seen in this place.
 G = Mean time per level.
                   A        B        C        D        E       F      G
               +--------+--------+--------+--------+--------+-----+--------+
         Total |   8424 |   8132 |    292 |    198 |   6877 |   8 | 1053.0 |
       Dungeon |   8395 |   8119 |    276 |    198 |   6873 |   7 | 1199.3 |
        Temple |     28 |     12 |     16 |      0 |      4 |   1 |   28.0 |
               +--------+--------+--------+--------+--------+-----+--------+

Top non-repeatable levels by time:
     D:5: 1664 daAuts
     D:1: 1465 daAuts
     D:4: 1414 daAuts
     D:6: 1381 daAuts
     D:3: 1291 daAuts
     D:2: 930 daAuts
     D:7: 248 daAuts
  Temple: 28 daAuts
